 Dungeon Crawl Stone Soup version 0.30-a0-364-gf6b3ef1049 (webtiles) character file.

Game seed: 15218926655257771202

3685 Elric the Basher (level 9, -3/68 (74) HPs)
             Began as a Minotaur Fighter on Nov 14, 2022.
             Was an Initiate of Ru.
             Slain by a two-headed ogre
             ... wielding a +0 giant spiked club
              (20 damage)
             ... on level 8 of the Dungeon.
             The game lasted 00:13:18 (5872 turns).

Elric the Basher (Minotaur Fighter)                 Turns: 5872, Time: 00:13:18

HP:   -3/68 (74)    AC: 12    Str: 30    XL:     9   Next: 90%
MP:   0/0           EV: 10    Int:  5    God:    Ru [......]
Gold: 403           SH:  5    Dex: 10    Spells: 8/8 levels left

rFire   . . .      SeeInvis .    j - +5 whip (elec)
rCold   . . .      Faith    .    c - +0 buckler
rNeg    . . .      Spirit   .    p - +1 chain mail of Jiprasaf {Regen+ MP-9 Str+5}
rPois   .          Reflect  .    (helmet restricted)
rElec   .          Harm     .    x - +0 cloak
rCorr   .          Rampage  .    (no gloves)
Will    .....                    (no boots)
Stlth   ..........               (no amulet)
HPRegen 1.11/turn                (no ring)
MPRegen 0.07/turn                (no ring)

@: mighty, drained
A: horns 2, no stealth, retaliatory headbutt
a: Renounce Religion


You were on level 8 of the Dungeon.
You worshipped Ru.
Ru was noncommittal.
You visited 2 branches of the dungeon, and saw 9 of its levels.
You also visited: Sewer and Ossuary.

You collected 403 gold pieces.

Inventory:

Hand Weapons
 j - a +5 whip of electrocution (weapon)
 s - a +2 flail of holy wrath
 F - a +5 morningstar
 G - the +6 whip of Wucigieso {flame, SInv}
   (You found it on level 7 of the Dungeon)

   It burns those it strikes, dealing additional fire damage.
   SInv:      It lets you see invisible.
Missiles
 k - 2 javelins (quivered)
Armour
 c - a +0 buckler (worn)
 p - the +1 chain mail of Jiprasaf (worn) {Regen+ MP-9 Str+5}
   (You found it on level 2 of the Dungeon)

   Str:       It affects your strength (+5).
   MP:        It affects your magic capacity (-9).
   Regen:     It increases your rate of health regeneration.
 x - a +0 cloak (worn)
Wands
 r - a wand of roots (22)
 D - a wand of paralysis (3)
Scrolls
 e - a scroll of butterflies
 g - 4 scrolls of poison
 h - a scroll of torment {unknown}
 i - 5 scrolls of identify
 q - 2 scrolls of vulnerability {unknown}
 v - 2 scrolls of enchant armour {unknown}
 w - 4 scrolls of teleportation {unknown}
 y - 3 scrolls of brand weapon {unknown}
 B - a scroll of magic mapping {unknown}
 C - 3 scrolls of fear
 E - a scroll of acquirement {unknown}
Potions
 a - 3 potions of brilliance {unknown}
 b - a potion of heal wounds
 d - 3 potions of might
 f - a potion of flight
 l - 5 potions of mutation {unknown}
 m - 4 potions of curing {unknown}
 n - 3 potions of lignification {unknown}
 o - a potion of haste {unknown}
 t - a potion of degeneration {unknown}
 u - a potion of cancellation {unknown}
 z - a potion of resistance
 A - a potion of magic {unknown}


   Skills:
 - Level 5.3 Fighting
 - Level 4.4(8.8) Axes
 - Level 11.8(12.2) Maces & Flails
 + Level 7.2 Armour
 + Level 5.4 Dodging
 + Level 7.3 Shields


You had 8 spell levels left.
You didn't know any spells.
Your spell library contained the following spells:

 Spells                   Type           Power      Damage    Failure   Level
 Apportation              Tloc           0%         N/A       96%         1
 Freeze                   Ice            0%         1d3       96%         1
 Magic Dart               Conj           0%         1d3       96%         1
 Searing Ray              Conj           0%         2d4       99%         2
 Frozen Ramparts          Ice            0%         1d1       100%        3
 Hailstorm                Conj/Ice       0%         3d3       100%        3
 Fulminant Prism          Conj/Hex       0%         3d5       100%        4
 Alistair's Intoxication  Tmut/Pois      0%         N/A       100%        5


Dungeon Overview and Level Annotations

Branches:
Dungeon (8/15)             Temple (1/1) D:6           Sewer (visited)
Ossuary (visited)
   Lair: D:8-11

Altars:
Ashenzari
Dithmenos
Elyvilon
Fedhas
Gozag
Hepliaklqana
Kikubaaqudgha
Makhleb
Nemelex Xobeh
Okawaru
Ru
Sif Muna
Trog
Vehumet
Wu Jian
Xom
Zin
The Shining One

Shops:
D:1 :   D:7 ?


Innate Abilities, Weirdness & Mutations

You have a pair of horns on your head.
You cannot be stealthy.
You reflexively headbutt those who attack you in melee.


Message History

You whack the two-headed ogre! You headbutt the two-headed ogre.
The two-headed ogre is lightly wounded.
The two-headed ogre hits you with a +0 giant spiked club.
The two-headed ogre hits you with a +0 giant spiked club!
You barely miss the two-headed ogre.
Your headbutt misses the two-headed ogre.
The two-headed ogre is lightly wounded.
The wight misses you.
You hit the two-headed ogre but do no damage.
The two-headed ogre is lightly wounded.
You hit the two-headed ogre.
The two-headed ogre is moderately wounded.
The two-headed ogre barely misses you. You furiously retaliate!
You headbutt the two-headed ogre!
The two-headed ogre hits you with a +0 giant spiked club!
The wight hits you with a +4 mace.
You feel drained.
A wight comes into view. It is wielding a +0 dire flail.
The wight attacks as you move away! The wight barely misses you.
The wight attacks as you move away! The wight hits you with a +4 mace.
There is an open door here.
You feel very mighty all of a sudden. The two-headed ogre closely misses you.
The two-headed ogre barely misses you.
You barely miss the two-headed ogre.
Your headbutt misses the two-headed ogre.
The two-headed ogre is moderately wounded.
You hit the two-headed ogre.
The two-headed ogre is heavily wounded.
The two-headed ogre hits you with a +0 giant spiked club!!
The two-headed ogre hits you with a +0 giant spiked club!
The wight hits you with a +4 mace!
* * * LOW HITPOINT WARNING * * *
You feel drained.
* * * LOW HITPOINT WARNING * * *
You whack the two-headed ogre!
The two-headed ogre is severely wounded.
The wight closely misses you. You furiously retaliate!
You headbutt the wight. You whack the two-headed ogre!
The two-headed ogre is almost dead.
The two-headed ogre hits you with a +0 giant spiked club!!
You die...

#.......# ##.....##
#.......######
#....>.......#
#............# #######
#......#.....# ......#
##.....#.....# ......#
##.....#.....# ......#
#....@.#.....# ......#
#...zOz#.....# ......#
#......#.....#
......##########'##.....#
......#....##...........#
##'####.....#...........#
............#...........#
..........).#...........#
...........))...........#


You could see a two-headed ogre and 2 wights.

Vanquished Creatures
  Pikel (D:5)
  3 wraiths
  Eustachio (D:5)
  4 ice beasts
  An orc warrior (D:7)
  A centaur (D:7)
  2 lemures (D:5)
  2 kobold brigands (D:7)
  4 bullfrogs
  A necrophage (D:4)
  4 scorpions
  9 wights
  2 howler monkeys (D:7)
  6 hounds
  A jelly (D:7)
  A gnoll bouda (D:8)
  An orc priest (D:5)
  2 iguanas
  3 orc wizards
  10 gnolls
  14 adders
  6 river rats
  2 adder zombies (Ossuary)
  A worm (D:3)
  6 dart slugs
  23 orcs
  6 bats
  11 endoplasms
  A giant cockroach (D:1)
  13 goblins
  6 hobgoblins
  10 jackals
  19 kobolds
  5 quokkas
  17 ball pythons
  8 frilled lizards
  A hobgoblin skeleton (Ossuary)
  2 orc skeletons (Ossuary)
  An orc zombie (Ossuary)
  21 rats
232 creatures vanquished.

Vanquished Creatures (others)
  14 fungi (D:6)
14 creatures vanquished.

Grand Total: 246 creatures vanquished

Notes
Turn   | Place    | Note
-------+----------+-------------------------------------------
     0 | D:1      | Elric the Minotaur Fighter began the quest for the Orb.
     0 | D:1      | Reached XP level 1. HP: 19/19 MP: 0/0
    41 | D:1      | Reached XP level 2. HP: 25/27 MP: 1/1
   211 | D:1      | Reached XP level 3. HP: 33/33 MP: 2/2
   290 | D:1      | Found Ozahog's Book Emporium.
   768 | D:2      | Identified the +1 chain mail of Jiprasaf {Regen+ MP-9
                  | Str+5}
  1257 | D:3      | Reached XP level 4. HP: 36/40 MP: 3/3
  1260 | D:3      | Reached skill level 1 in Maces & Flails
  1281 | D:3      | Found a glowing drain.
  1288 | D:3      | Reached skill level 2 in Maces & Flails
  1305 | Sewer    | Entered a sewer
  1360 | Sewer    | Reached skill level 3 in Maces & Flails
  1397 | Sewer    | Reached XP level 5. HP: 45/46 MP: 4/4
  1414 | Sewer    | Reached skill level 4 in Maces & Flails
  1904 | Sewer    | Reached skill level 5 in Maces & Flails
  1918 | Sewer    | Reached skill level 6 in Maces & Flails
  1918 | Sewer    | Reached XP level 6. HP: 30/52 MP: 5/5
  2738 | D:4      | Found a shimmering altar of Xom.
  2745 | D:4      | Reached skill level 7 in Maces & Flails
  2799 | D:4      | Reached XP level 7. HP: 58/58 MP: 6/6
  2869 | D:4      | Reached skill level 8 in Maces & Flails
  3310 | D:4      | Reached skill level 9 in Maces & Flails
  3516 | D:5      | Entered Level 5 of the Dungeon
  3550 | D:5      | Noticed Pikel
  3554 | D:5      | Noticed Eustachio
  3555 | D:5      | Reached skill level 10 in Maces & Flails
  3555 | D:5      | Reached XP level 8. HP: 66/66 MP: 7/7
  3568 | D:5      | Killed Pikel
  3569 | D:5      | Reached skill level 11 in Maces & Flails
  3585 | D:5      | Killed Eustachio
  3747 | D:5      | Reached skill level 5 in Fighting
  3992 | D:5      | Found a hazy altar of Hepliaklqana.
  3993 | D:5      | Found an iron altar of Okawaru.
  4207 | D:6      | Found a glowing golden altar of the Shining One.
  4219 | D:6      | Reached skill level 1 in Dodging
  4321 | D:6      | Found a staircase to the Ecumenical Temple.
  4499 | D:6      | Reached XP level 9. HP: 74/74 MP: 0/8
  4519 | Temple   | Entered the Ecumenical Temple
  4575 | Temple   | Became a worshipper of Ru the Awakened
  4644 | D:7      | Found Fuuw's Magic Scroll Shoppe.
  4741 | D:7      | Reached skill level 5 in Armour
  4741 | D:7      | Reached skill level 5 in Shields
  4983 | D:7      | Found a sand-covered staircase.
  5191 | Ossuary  | Entered an ossuary
  5381 | Ossuary  | Reached skill level 5 in Dodging
  5520 | D:7      | Identified the +6 whip of Wucigieso {flame, SInv}
  5550 | D:7      | Gained mutation: You cannot be stealthy. [Ru sacrifice]
  5740 | D:8      | Found an opulent altar of Gozag.
  5842 | D:8      | Noticed a two-headed ogre
  5872 | D:8      | Slain by a two-headed ogre

Illustrated notes

Levels and vault maps discovered:
D:1:      psy_arrival_dodecagon, layout_rooms, serial_shops,
          nicolae_shop_waterfront
D:2:      layout_loops_ring
D:3:      layout_loops_ring, portal_sewer_entry_a, minmay_unequal
D:4:      layout_basic, general_overflow_altar, minmay_starry_boxes
D:5:      layout_cave_pools, mainiacjoe_overflow_divided_tiny, uniq_eustachio,
          uniq_pikel
D:6:      layout_loops_corners, grunt_temple_overflow_holy_war,
          mainiacjoe_overflow_catwalk, minmay_temple_entry_steel_oval,
          dreamdust_mushroom_princess, minmay_fractal_squares_5
D:7:      layout_gridville, chequers_ossuary_entry_cave, serial_shops, shop,
          minmay_liquid_box, st_stairs_13, minmay_tree_intersection,
          kennysheep_generic_room_7
D:8:      layout_gridville, grunt_gozag_statues, serial_shops, shop, st_stairs_3
Temple:   nicolae_temple_ecumenical_triangle

Skill      XL: |  1  2  3  4  5  6  7  8  9 |
---------------+----------------------------+-----
Axes           | 3 4 |  4.4
Maces & Flails | 3 6 7 10 11 | 11.8
Fighting       | 5 |  5.3
Armour         | 4 7 |  7.2
Shields        | 4 7 |  7.3
Dodging        | 2 5 |  5.4

Action                   |  1- 3 |  4- 6 |  7- 9 || total
-------------------------+-------+-------+-------++-------
Melee: War axe           |    77 |       |       ||    77
       Headbutt          |    10 |    20 |    46 ||    76
       Whip              |     5 |   195 |   275 ||   475
Invok: Sacrifice Stealth |       |       |     1 ||     1
  Use: Potion            |       |     4 |     1 ||     5
       Scroll            |       |    10 |       ||    10
Armor: Scale mail        |    48 |   128 |     9 ||   185
       Chain mail        |       |       |    92 ||    92
Dodge: Dodged            |    33 |   104 |    69 ||   206
Block: Buckler           |     8 |    50 |    34 ||    92

Table legend: (Time is in decaauts)
 A = Elapsed time spent in this place.
 B = Non-inter-level travel time spent in this place.
 C = Inter-level travel time spent in this place.
 D = Time resting spent in this place.
 E = Time spent auto-exploring this place.
 F = Levels seen in this place.
 G = Mean time per level.
                   A        B        C        D        E       F      G
               +--------+--------+--------+--------+--------+-----+--------+
         Total |   5817 |   5442 |    375 |    239 |   4093 |  11 |  528.8 |
       Dungeon |   4726 |   4373 |    353 |      0 |   3539 |   8 |  590.8 |
        Temple |     65 |     43 |     22 |      0 |     37 |   1 |   65.0 |
         Sewer |    756 |    756 |      0 |    239 |    354 |   1 |  756.0 |
       Ossuary |    268 |    268 |      0 |      0 |    163 |   1 |  268.0 |
               +--------+--------+--------+--------+--------+-----+--------+

Top non-repeatable levels by time:
     D:7: 836 daAuts
     D:3: 836 daAuts
     D:2: 827 daAuts
     D:4: 817 daAuts
   Sewer: 756 daAuts
     D:5: 498 daAuts
     D:1: 398 daAuts
     D:6: 387 daAuts
 Ossuary: 268 daAuts
     D:8: 122 daAuts
  Temple: 65 daAuts
